[Event "Chessable Masters - Torneo preliminare"]
[White "Makhnev, Denis"]
[Black "Neiksans, Arturs"]
[WhiteFideId "13707647"]
[BlackFideId "11601388"]
[WhiteElo "2505"]
[BlackElo "2553"]
[Result "1-0"]
[Round "7"]
[TimeControl "600+2"]
[Date "2023.03.13"]
[WhiteClock "0:00:08"]
[BlackClock "0:01:09"]

1. d4 f5 2. g3 Nf6 3. Bg2 g6 4. Nh3 Nc6 5. d5 Ne5 6. Nf4 c6 7. Nc3 cxd5 8. Ncxd5 Nxd5 9. Qxd5 Bg7 10. Bd2 e6 11. Qb3 d5 12. Bc3 O-O 13. h4 Nf7 14. Bxg7 Kxg7 15. O-O-O Qf6 16. h5 g5 17. h6+ Kg8 18. Nh5 Qxh6 19. Qc3 d4 20. Rxd4 e5 21. Rb4 Qd6 22. f4 Rd8 23. fxe5 Nxe5 24. Bd5+ Kf8 25. e4 Bd7 26. Bxb7 Rab8 27. Rd4 Qe7 28. Rd5 Re8 29. Qc7 Qb4 30. Rxe5 Rxb7 31. Rxe8+ Kxe8 32. Qe5+ Kd8 33. Nf6 Kc8 34. Rd1 Rb5 35. Nd5 Qc4 36. Ne7+ Kd8 37. Qf6 Qxe4 38. Nc6+ Kc7 39. Qd6+ Kb6 40. Nd4+ Bc6 41. Nxb5 Kxb5 42. b3 f4 43. a4+ Ka6 44. gxf4 gxf4 45. Rd4 Qg6 46. Qxg6 hxg6 47. Rxf4 1-0


[Site "Internet"]

[Event "Chessable Masters - Torneo preliminare"]
[White "Matamoros Franco, Carlos S."]
[Black "Svane, Rasmus"]
[WhiteFideId "3600017"]
[BlackFideId "4657101"]
[WhiteElo "2407"]
[BlackElo "2621"]
[Result "0-1"]
[Round "7"]
[TimeControl "600+2"]
[Date "2023.03.13"]
[WhiteClock "0:00:45"]
[BlackClock "0:00:08"]

1. c4 Nf6 2. g3 e6 3. Bg2 d5 4. Nf3 d4 5. O-O c5 6. e3 Nc6 7. d3 h6 8. Re1 Bd6 9. Na3 O-O 10. Nc2 e5 11. exd4 exd4 12. b4 cxb4 13. Ncxd4 Nxd4 14. Nxd4 Be5 15. Nb3 Bg4 16. f3 Bxa1 17. fxg4 Bc3 18. Rf1 a5 19. g5 hxg5 20. Bxg5 a4 21. Nc1 Ra5 22. h4 Qd4+ 23. Kh1 Ng4 24. Qf3 Ne5 25. Qxb7 Nxd3 26. Nxd3 Qxd3 27. Be7 Qxg3 28. Rf3 Qb8 29. Qd7 Ra7 30. Qd6 Qxd6 31. Bxd6 Re8 32. c5 Re1+ 33. Kh2 Be5+ 34. Kh3 Bxd6 35. cxd6 b3 36. axb3 a3 37. Rf2 a2 38. d7 Rd1 0-1


[Site "Internet"]

[Event "Chessable Masters - Torneo preliminare"]
[White "Sourath, Biswas"]
[Black "Darini, Pouria"]
[WhiteFideId "35091484"]
[BlackFideId "12502200"]
[WhiteElo "2138"]
[BlackElo "2573"]
[Result "0-1"]
[Round "7"]
[TimeControl "600+2"]
[Date "2023.03.13"]
[WhiteClock "0:00:16"]
[BlackClock "0:00:19"]

1. d4 Nf6 2. Bf4 d5 3. e3 c5 4. Nf3 e6 5. c3 Nc6 6. Nbd2 cxd4 7. exd4 Nh5 8. Be3 Bd6 9. Ne5 Nf6 10. f4 Qb6 11. Qb3 Ng8 12. Bd3 Nge7 13. O-O f6 14. Nef3 Nf5 15. Bxf5 Qxb3 16. axb3 exf5 17. g3 Be6 18. b4 Kd7 19. Ne1 b6 20. b5 Na5 21. Nd3 Rhc8 22. Nc5+ bxc5 23. Rxa5 Bc7 24. Ra6 c4 25. b3 Bb6 26. bxc4 dxc4 27. Rb1 Rc7 28. Kf2 Bd5 29. Ra4 Rac8 30. Nf1 Be4 31. Rb2 Bd3 32. Nd2 Kd6 33. Nf3 Re8 34. Ne1 Rce7 35. Ng2 Kd5 36. Ra1 Be4 37. Ne1 h6 38. h4 g6 39. Raa2 Bb1 40. Rxb1 Rxe3 41. Rc1 Rxc3 42. Rxc3 Bxd4+ 43. Kf3 Bxc3 44. Nc2 Re7 45. Ra6 Kc5 46. Na3 Kb4 47. h5 g5 48. fxg5 fxg5 49. Nc2+ Kb3 50. Ne3 g4+ 0-1


[Site "Internet"]

[Event "Chessable Masters - Torneo preliminare"]
[White "Mamedov, Rauf"]
[Black "Salgado Lopez, Ivan"]
[WhiteFideId "13401653"]
[BlackFideId "2257327"]
[WhiteElo "2632"]
[BlackElo "2554"]
[Result "0-1"]
[Round "7"]
[TimeControl "600+2"]
[Date "2023.03.13"]
[WhiteClock "0:00:25"]
[BlackClock "0:00:23"]

1. Nf3 d5 2. g3 Nf6 3. Bg2 e6 4. O-O Be7 5. d3 O-O 6. Nbd2 a5 7. e4 a4 8. a3 c5 9. Re1 Nc6 10. e5 Nd7 11. Nf1 Ra6 12. h4 f6 13. exf6 Nxf6 14. N1h2 Bd6 15. c4 dxc4 16. dxc4 e5 17. Be3 Nd4 18. Ng5 Bb8 19. Ne4 Nxe4 20. Bxe4 h6 21. Rb1 Kh8 22. Qh5 Qe8 23. Qxe8 Rxe8 24. Nf3 Rb6 25. Nd2 Be6 26. Kg2 Bg8 27. h5 Rd8 28. Bg6 Bc7 29. Rec1 Rc6 30. Be4 Rb6 31. Bg6 Rc6 32. Be4 Rb6 33. Nf3 Bf7 34. g4 Be6 35. Kh3 Ne2 36. Re1 Bxc4 37. Nh4 Kg8 38. Ng6 Rb3 39. Kg2 Nd4 40. Bd2 Be6 41. g5 Bh3+ 42. Kg1 Bg4 43. Ne7+ Kf7 44. Nd5 Bb8 45. g6+ Kf8 46. Bc3 Bxh5 47. Ne3 Rb6 48. Ba5 Rbd6 49. Bxd8 Rxd8 50. Kg2 b5 51. Nf5 Bxg6 52. Rbd1 Bxf5 53. Bxf5 c4 54. Be4 Rd6 55. Rh1 Rf6 56. f3 Bd6 57. Rh5 Ke7 58. Kf2 Ne6 59. Rhh1 Bc5+ 60. Kg3 Nd4 61. Rh5 Ne2+ 62. Kh2 Bd4 63. Rd2 Nf4 64. Rh4 g5 65. Rg4 Kd6 66. Rc2 Kc5 67. Bh7 Rb6 68. Bg8 Rg6 69. Bf7 Rg7 70. Be8 Re7 71. Rxf4 exf4 72. Bg6 Re3 73. Kg2 Rb3 74. Kh3 Rxb2 75. Rc1 Re2 76. Kg4 Re3 77. Bf7 Rxa3 78. Rh1 Bg7 79. Rd1 Rd3 80. Re1 Re3 81. Rd1 Bd4 82. Rh1 Re7 83. Bg6 Re6 84. Bf5 Rd6 85. Be4 a3 0-1


[Site "Internet"]

[Event "Chessable Masters - Torneo preliminare"]
[White "Grischuk, Alexander"]
[Black "Raja, Harshit"]
[WhiteFideId "4126025"]
[BlackFideId "5089000"]
[WhiteElo "2731"]
[BlackElo "2361"]
[Result "1-0"]
[Round "7"]
[TimeControl "600+2"]
[Date "2023.03.13"]
[WhiteClock "0:00:12"]
[BlackClock "0:00:12"]

1. d4 Nf6 2. Nf3 d5 3. Bg5 e6 4. Nbd2 Be7 5. e3 b6 6. c4 Bb7 7. Rc1 dxc4 8. Bxc4 O-O 9. O-O Nbd7 10. Qe2 h6 11. Bh4 Ne4 12. Bxe7 Qxe7 13. Bb5 Nxd2 14. Nxd2 Rac8 15. Bc6 Bxc6 16. Rxc6 e5 17. d5 e4 18. Rfc1 Nc5 19. b4 Nd3 20. R1c4 Qd7 21. Rd4 f5 22. h3 Ne5 23. Rc3 Rf6 24. a3 Rg6 25. Kh1 Rf8 26. Nc4 Nd3 27. f4 Qe7 28. Nb2 Nxb2 29. Qxb2 Rd8 30. Qc2 Rd7 31. Rc6 Rgd6 32. Rxd6 Rxd6 33. Rc4 Qf7 34. Rxc7 Qxd5 35. Kh2 a5 36. bxa5 bxa5 37. Rc5 Qd3 38. Qf2 Rd5 39. Qa2 1-0


[Site "Internet"]

[Event "Chessable Masters - Torneo preliminare"]
[White "Tregubov, Pavel V."]
[Black "Predke, Alexandr"]
[WhiteFideId "4115341"]
[BlackFideId "24107581"]
[WhiteElo "2522"]
[BlackElo "2582"]
[Result "1-0"]
[Round "7"]
[TimeControl "600+2"]
[Date "2023.03.13"]
[WhiteClock "0:00:25"]
[BlackClock "0:00:03"]

1. e4 c5 2. Nf3 e6 3. c3 d5 4. e5 d4 5. g3 Nc6 6. Bg2 d3 7. O-O g5 8. Qa4 Bd7 9. Qe4 Bg7 10. Re1 h5 11. Qxd3 g4 12. Nh4 Nxe5 13. Qe3 c4 14. b3 Nd3 15. bxc4 Nxe1 16. Qxe1 Bc6 17. Bxc6+ bxc6 18. d4 Bf6 19. Ng2 Ne7 20. Nd2 Ng6 21. Ne4 Be7 22. Nf4 Qa5 23. Nxg6 fxg6 24. c5 O-O 25. Qe3 Rf7 26. Qh6 Rg7 27. Bf4 Rf8 28. Be5 Rff7 29. Bxg7 Rxg7 30. Qf4 Qb5 31. Re1 Kh7 32. Qc7 Qa4 33. Qd7 Qxa2 34. Qxc6 a5 35. Qb5 a4 36. c6 Bd8 37. c4 a3 38. d5 exd5 39. cxd5 Qc2 40. Qe2 Qa4 41. Nc5 Qb4 42. Ne6 Re7 43. c7 Bxc7 44. Ng5+ Kh6 45. Qxe7 Qxe7 46. Rxe7 a2 47. Nf7+ Kg7 48. Re1 Kxf7 49. Ra1 Kf6 50. Rxa2 Ke5 51. Ra6 Bd6 52. Ra5 g5 53. Kf1 Ke4 54. Ke2 Kd4 55. f3 gxf3+ 56. Kxf3 g4+ 57. Ke2 Ke4 58. Ra8 h4 59. gxh4 Bxh2 60. Rd8 Kf5 61. d6 Ke6 62. h5 1-0


[Site "Internet"]

[Event "Chessable Masters - Torneo preliminare"]
[White "Esipenko, Andrey"]
[Black "Matinian, Nikita"]
[WhiteFideId "24175439"]
[BlackFideId "24129100"]
[WhiteElo "2682"]
[BlackElo "2326"]
[Result "1-0"]
[Round "7"]
[TimeControl "600+2"]
[Date "2023.03.13"]
[WhiteClock "0:07:53"]
[BlackClock "0:04:34"]

1. d4 d6 2. Nf3 g6 3. g3 Bg7 4. Bg2 Nf6 5. O-O O-O 6. Re1 c6 7. e4 Qc7 8. c4 Bg4 9. Nc3 Nbd7 10. h3 Bxf3 11. Bxf3 c5 12. d5 Ne5 13. Be2 Qc8 14. Kg2 a6 15. a4 Re8 16. f4 Ned7 17. Be3 Rb8 18. Qd3 b5 19. axb5 axb5 20. Nxb5 h5 21. Bf3 Rxb5 22. cxb5 c4 23. Qc2 e6 24. dxe6 Rxe6 25. Ra6 Kh7 26. Bf2 h4 27. g4 Nc5 28. Rc6 Qb7 29. Bxc5 Qxb5 30. e5 Qa5 31. Bf2 Nd5 32. Qxc4 1-0


[Site "Internet"]

[Event "Chessable Masters - Torneo preliminare"]
[White "Sankalp, Gupta"]
[Black "Lenderman, Aleksandr"]
[WhiteFideId "5097010"]
[BlackFideId "2021285"]
[WhiteElo "2427"]
[BlackElo "2646"]
[Result "1-0"]
[Round "7"]
[TimeControl "600+2"]
[Date "2023.03.13"]
[WhiteClock "0:01:37"]
[BlackClock "0:03:48"]

1. d4 e6 2. e4 d5 3. e5 c5 4. c3 Nc6 5. Nf3 Nge7 6. Na3 cxd4 7. cxd4 Nf5 8. Nc2 Be7 9. Bd3 O-O 10. O-O Bd7 11. Kh1 Rc8 12. g4 Nh6 13. Rg1 Kh8 14. Rg3 Rg8 15. Rh3 Qf8 16. Ng5 Bxg5 17. Bxg5 Ne7 18. Qd2 Ng6 19. Rxh6 gxh6 20. Bf6+ Rg7 21. Qxh6 Bb5 22. Ne1 Bxd3 23. Nxd3 Ne7 24. Rc1 Nc6 25. Nf4 Kg8 26. Bxg7 Qxg7 27. Qh4 h6 28. Rc3 Kh8 29. h3 Rg8 30. Nh5 Qg6 31. Qf6+ Kh7 32. Qf4 Rd8 33. Rf3 Kg8 34. h4 Kf8 35. Nf6 Kg7 36. Kg2 Rf8 37. Kg3 Qb1 38. Kg2 Qg6 39. a3 a5 40. Rb3 Rb8 41. Nd7 Rd8 42. Nc5 h5 43. g5 Qf5 44. Qxf5 exf5 45. Rxb7 Nxd4 46. e6 Rf8 47. Rd7 Kg6 48. e7 Re8 49. Na6 Nb5 50. a4 1-0


[Site "Internet"]

[Event "Chessable Masters - Torneo preliminare"]
[White "Mikaelyan, Arman"]
[Black "Ponkratov, Pavel"]
[WhiteFideId "13304852"]
[BlackFideId "4157800"]
[WhiteElo "2456"]
[BlackElo "2586"]
[Result "1-0"]
[Round "7"]
[TimeControl "600+2"]
[Date "2023.03.13"]
[WhiteClock "0:04:27"]
[BlackClock "0:06:49"]

1. d4 d5 2. c4 e6 3. Nf3 Nf6 4. Nc3 Ne4 5. Qc2 Nxc3 6. bxc3 dxc4 7. Bg5 f6 8. Bf4 c5 9. e3 cxd4 10. Bxc4 dxe3 11. O-O exf2+ 12. Kh1 Be7 13. Rad1 Qb6 14. Nd4 O-O 15. Rb1 Qc5 16. Bxe6+ Bxe6 17. Nxe6 Qc4 18. Nxf8 Qxf4 19. Qb3+ Kxf8 20. Qxb7 Na6 21. Qxa8+ Kf7 22. Qd5+ Kg6 23. Qd3+ Kh6 24. g3 Nc5 25. gxf4 Nxd3 26. Rbd1 Nxf4 27. Rxf2 g5 28. Rd7 Bc5 29. Rxf4 gxf4 30. Kg2 Kg6 31. Kf3 Be3 32. c4 h5 33. Rd5 1-0


[Site "Internet"]

[Event "Chessable Masters - Torneo preliminare"]
[White "Huschenbeth, Niclas"]
[Black "Guseinov, Gadir"]
[WhiteFideId "24604747"]
[BlackFideId "13401378"]
[WhiteElo "2566"]
[BlackElo "2632"]
[Result "0-1"]
[Round "7"]
[TimeControl "600+2"]
[Date "2023.03.13"]
[WhiteClock "0:00:21"]
[BlackClock "0:03:59"]

1. e4 c5 2. Nf3 g6 3. d4 cxd4 4. Nxd4 Nc6 5. c4 Nf6 6. Nc3 Nxd4 7. Qxd4 d6 8. Be2 Bg7 9. Be3 O-O 10. Qd2 a5 11. O-O a4 12. Bd4 Bd7 13. Qe3 Bc6 14. Bb6 Qb8 15. Rad1 Nd7 16. Bd4 Bxd4 17. Rxd4 Qa7 18. Nd5 Rae8 19. Qc3 Qc5 20. b4 axb3 21. axb3 Bxd5 22. Rxd5 Qc7 23. Rb5 Ra8 24. Ra1 b6 25. h3 Ra7 26. Rxa7 Qxa7 27. Qd4 Ra8 28. Bg4 Qa1+ 29. Qxa1 Rxa1+ 30. Kh2 e6 31. e5 dxe5 32. Bf3 Ra5 33. Rb4 Rc5 34. Ra4 Rc7 35. Ra8+ Kg7 36. Be2 e4 37. Kg3 f5 38. Kf4 e5+ 39. Ke3 Nc5 40. b4 f4+ 41. Kd2 Nb3+ 42. Kc3 Nd4 43. Bf1 Nf5 44. c5 e3 45. fxe3 Nxe3 46. Bc4 bxc5 47. b5 Rb7 48. Rc8 e4 49. Rxc5 f3 50. gxf3 exf3 51. Re5 Nxc4 52. Kxc4 f2 0-1


[Site "Internet"]

[Event "Chessable Masters - Torneo preliminare"]
[White "Cuenca Jimenez, Jose Fernando"]
[Black "Vasquez Schroeder, Rodrigo"]
[WhiteFideId "2255570"]
[BlackFideId "3400042"]
[WhiteElo "2455"]
[BlackElo "2589"]
[Result "0-1"]
[Round "7"]
[TimeControl "600+2"]
[Date "2023.03.13"]
[WhiteClock "0:00:55"]
[BlackClock "0:05:51"]

1. d4 d5 2. c4 c6 3. Nc3 Nf6 4. e3 e6 5. Nf3 Nbd7 6. Bd3 dxc4 7. Bxc4 b5 8. Bd3 b4 9. Na4 Bb7 10. Qe2 a6 11. e4 c5 12. Bg5 cxd4 13. e5 Bxf3 14. gxf3 Qa5 15. exf6 Qxg5 16. Bxa6 Nxf6 17. Bb5+ Ke7 18. Qc4 Qe5+ 19. Kf1 Nd5 20. Re1 Qf5 21. Bc6 Rd8 22. Qc5+ Kf6 23. Qxd4+ e5 24. Qe4 Nf4 25. h4 Rd4 26. Qxf5+ Kxf5 27. Be4+ Ke6 28. Kg1 Be7 29. h5 f5 30. Bc2 Rc8 31. Bb3+ Kf6 32. Kh2 Nxh5 33. Rc1 Rh4+ 34. Kg2 Nf4+ 35. Kg3 Rxc1 36. Rxh4 Kg6 0-1


[Site "Internet"]

[Event "Chessable Masters - Torneo preliminare"]
[White "Iskusnyh, Sergei"]
[Black "Sasikiran, Krishnan"]
[WhiteFideId "4120027"]
[BlackFideId "5004985"]
[WhiteElo "2345"]
[BlackElo "2559"]
[Result "0-1"]
[Round "7"]
[TimeControl "600+2"]
[Date "2023.03.13"]
[WhiteClock "0:00:14"]
[BlackClock "0:02:30"]

1. d4 Nf6 2. c4 e6 3. g3 Bb4+ 4. Bd2 Be7 5. Bg2 d5 6. Nf3 O-O 7. O-O c6 8. Qc2 Nbd7 9. a3 b6 10. cxd5 cxd5 11. Bb4 a5 12. Bxe7 Qxe7 13. Nc3 Ba6 14. Rfc1 Rfc8 15. Qd1 b5 16. e3 b4 17. axb4 Qxb4 18. Rcb1 h6 19. Nd2 Bd3 20. Rc1 Qxb2 21. Na4 Qb4 22. Bf1 Bg6 23. f3 e5 24. dxe5 Nxe5 25. Kf2 h5 26. h3 h4 27. g4 d4 28. e4 d3 29. Kg2 Qd4 30. Ra2 Nxe4 31. fxe4 Bxe4+ 32. Nxe4 Qxe4+ 0-1


[Site "Internet"]

[Event "Chessable Masters - Torneo preliminare"]
[White "Girya, Olga"]
[Black "Nigmatov, Ortik"]
[WhiteFideId "4195752"]
[BlackFideId "14202131"]
[WhiteElo "2327"]
[BlackElo "2344"]
[Result "0-1"]
[Round "7"]
[TimeControl "600+2"]
[Date "2023.03.13"]
[WhiteClock "0:00:07"]
[BlackClock "0:01:33"]

1. d4 Nf6 2. Nf3 e6 3. c4 d5 4. Nc3 Bb4 5. Qb3 c5 6. dxc5 Nc6 7. Bg5 d4 8. O-O-O h6 9. Bxf6 Qxf6 10. Nb5 O-O 11. Nbxd4 Bxc5 12. Nxc6 bxc6 13. e3 e5 14. Bd3 Re8 15. Qc2 a5 16. Bh7+ Kh8 17. Be4 a4 18. a3 Ra6 19. h3 Be6 20. g4 Qe7 21. Nxe5 Bc8 22. Nxf7+ Qxf7 23. Bg6 Qe7 24. Bxe8 Qxe8 25. Rd2 Be6 26. Rhd1 Ra8 27. Qe4 Bf8 28. f4 Bf7 29. Qxe8 Rxe8 30. Rd8 Be7 31. Rxe8+ Bxe8 32. Rd4 Kg8 33. Kd2 Kf7 34. c5 Bxc5 35. Rxa4 Ke6 36. Re4+ Kd7 37. Rc4 Bb6 38. b4 Bf7 39. Rc3 Bd5 40. Kd3 Bg2 41. h4 Bh3 42. g5 h5 43. Ke4 g6 44. a4 Kd6 45. a5 Bg2+ 46. Kd3 Bc7 47. e4 Kd7 48. Ke3 Bf1 49. Rc1 Bb5 50. f5 gxf5 51. exf5 Bg3 52. g6 Ke7 53. Kf3 Bxh4 54. Rh1 Bf6 55. Rxh5 Bg7 56. Rh7 Kf6 57. Ke4 Ba6 58. Rh3 Bf8 59. Rc3 Bb7 60. a6 Ba8 61. Rc5 Bd6 62. Kd4 Bf8 63. Re5 Bxb4 64. Re6+ Kg7 65. Re7+ Bxe7 66. Kc4 Kf6 67. Kd4 Bf8 68. Kc4 Kxf5 0-1


[Site "Internet"]

[Event "Chessable Masters - Torneo preliminare"]
[White "Larino Nieto, David"]
[Black "Hambleton, Aman"]
[WhiteFideId "2256444"]
[BlackFideId "2606577"]
[WhiteElo "2496"]
[BlackElo "2447"]
[Result "1-0"]
[Round "7"]
[TimeControl "600+2"]
[Date "2023.03.13"]
[WhiteClock "0:04:20"]
[BlackClock "0:00:04"]

1. e4 e6 2. d4 d5 3. Nd2 h6 4. Ngf3 Nf6 5. Bd3 c5 6. e5 Nfd7 7. c3 Nc6 8. b3 g5 9. h3 Qb6 10. Bb2 Rg8 11. g4 cxd4 12. cxd4 Be7 13. Qe2 Nf8 14. a3 Ng6 15. Bxg6 Rxg6 16. b4 Bd7 17. Nb3 Nb8 18. Nc5 Bb5 19. Qe3 Nd7 20. Nd2 Nxc5 21. dxc5 Qc7 22. a4 d4 23. Bxd4 Bc6 24. f3 a6 25. Nc4 Rd8 26. Nd6+ Kf8 27. Kf2 Bd5 28. Rhc1 Kg8 29. b5 axb5 30. axb5 Qb8 31. c6 Bxd6 32. exd6 bxc6 33. bxc6 Qxd6 34. Be5 Qf8 35. c7 Rc8 36. Ra6 f6 37. Bd6 Qf7 38. Rb6 Kh7 39. Qd3 f5 40. Rb8 Rgg8 41. Be5 Kg6 42. Rcb1 Bc6 43. R1b6 Qd7 44. gxf5+ Kf7 45. fxe6+ Qxe6 46. Qh7+ Ke8 47. Rxc8+ 1-0


[Site "Internet"]

[Event "Chessable Masters - Torneo preliminare"]
[White "Santos Ruiz, Miguel"]
[Black "Raja, Rithvik R"]
[WhiteFideId "22291482"]
[BlackFideId "35007394"]
[WhiteElo "2491"]
[BlackElo "2387"]
[Result "1-0"]
[Round "7"]
[TimeControl "600+2"]
[Date "2023.03.13"]
[WhiteClock "0:06:10"]
[BlackClock "0:01:59"]

1. e4 c5 2. Nf3 d6 3. d4 cxd4 4. Nxd4 Nf6 5. Nc3 a6 6. Be2 e5 7. Nb3 Be7 8. Be3 Be6 9. Nd5 Nbd7 10. Qd3 O-O 11. O-O Bxd5 12. exd5 Ne8 13. a4 f5 14. a5 Rc8 15. f4 g6 16. Qd2 Nef6 17. c4 Ne4 18. Qb4 Rc7 19. Rad1 Ndc5 20. Nxc5 dxc5 21. Qb6 Rf6 22. Qb3 exf4 23. Bxf4 Bd6 24. Bd3 Bxf4 25. Rxf4 Nd6 26. Re1 Re7 27. Qc3 Rf8 28. Rff1 Rfe8 29. b4 Qc7 30. Kh1 Re3 31. Rxe3 Rxe3 32. Qd2 Re5 33. h3 cxb4 34. Qxb4 Re3 35. c5 Rxd3 36. cxd6 Qf7 37. Rc1 Qxd5 38. Rc8+ Kf7 39. Rc7+ Ke6 40. Re7+ Kf6 41. Qh4+ g5 42. Qh6# 1-0


[Site "Internet"]

[Event "Chessable Masters - Torneo preliminare"]
[White "Pranav, V"]
[Black "Flores, Diego"]
[WhiteFideId "25060783"]
[BlackFideId "108049"]
[WhiteElo "2462"]
[BlackElo "2598"]
[Result "0-1"]
[Round "7"]
[TimeControl "600+2"]
[Date "2023.03.13"]
[WhiteClock "0:00:03"]
[BlackClock "0:00:49"]

1. e4 c5 2. Nf3 e6 3. d4 cxd4 4. Nxd4 a6 5. Nc3 b5 6. Bd3 Qb6 7. Nb3 Qc7 8. O-O Bb7 9. Re1 b4 10. Ne2 Nf6 11. Ned4 Bd6 12. h3 Nc6 13. Nxc6 Bxc6 14. Qe2 Bh2+ 15. Kh1 Bf4 16. Bxf4 Qxf4 17. Na5 Bb5 18. Kg1 O-O 19. Nb3 Rfc8 20. Nd4 Bxd3 21. Qxd3 d5 22. exd5 Nxd5 23. Re4 Qc7 24. a3 Rab8 25. axb4 Nxb4 26. Qd2 Nxc2 27. Rc1 Qb7 28. Rg4 Nxd4 29. Rxc8+ Qxc8 30. Rxd4 g6 31. b4 Qc7 32. h4 h5 33. g3 Rc8 34. Kh2 Qe7 35. Qe2 Qf6 36. Rf4 Qa1 37. Qe4 Rc7 38. Qa8+ Kg7 39. b5 e5 40. b6 Rc2 41. Rf3 Qd4 42. Qb7 Rxf2+ 43. Rxf2 Qxf2+ 44. Kh3 e4 45. Qc7 Qg1 46. Qe5+ Kh7 0-1


[Site "Internet"]

[Event "Chessable Masters - Torneo preliminare"]
[White "Shyam, Sundar M."]
[Black "Rustemov, Alexander"]
[WhiteFideId "5019141"]
[BlackFideId "4119002"]
[WhiteElo "2464"]
[BlackElo "2494"]
[Result "1-0"]
[Round "7"]
[TimeControl "600+2"]
[Date "2023.03.13"]
[WhiteClock "0:04:56"]
[BlackClock "0:00:59"]

1. d4 g6 2. e4 Bg7 3. Nf3 d6 4. c3 Nf6 5. Bd3 O-O 6. O-O Bg4 7. Nbd2 Nfd7 8. h3 Bxf3 9. Nxf3 c5 10. d5 Na6 11. a4 Nc7 12. Bg5 b6 13. Qd2 a6 14. Rfe1 Re8 15. c4 Rb8 16. Qe2 Ne5 17. Nxe5 Bxe5 18. f4 Bd4+ 19. Kh1 Qd7 20. e5 e6 21. Qg4 h5 22. Qg3 dxe5 23. fxe5 exd5 24. Bf6 dxc4 25. Bxg6 fxg6 26. Qxg6+ Kf8 27. Rf1 Re7 28. Bxe7+ Kxe7 29. Rf7+ Kd8 30. Rxd7+ Kxd7 31. Qd6+ Kc8 32. Rf1 Kb7 33. Rf7 Rc8 34. e6 Bxb2 35. e7 Re8 36. Rf8 c3 37. Rxe8 c2 38. Rb8+ Kxb8 39. e8=Q+ Kb7 40. Qe4+ Kc8 41. Qxc2 1-0


[Site "Internet"]

[Event "Chessable Masters - Torneo preliminare"]
[White "Jonkman, Harmen"]
[Black "Sattarov, Bobir"]
[WhiteFideId "1002708"]
[BlackFideId "14203081"]
[WhiteElo "2351"]
[BlackElo "2333"]
[Result "0-1"]
[Round "7"]
[TimeControl "600+2"]
[Date "2023.03.13"]
[WhiteClock "0:00:04"]
[BlackClock "0:02:03"]

1. d4 Nf6 2. Bf4 d5 3. e3 c5 4. Nf3 Nc6 5. Nbd2 Qb6 6. dxc5 Qxb2 7. Rb1 Qa3 8. Nb3 e6 9. Bb5 Bxc5 10. Nxc5 Qxc5 11. O-O O-O 12. c4 a6 13. cxd5 Nxd5 14. Bxc6 Nxf4 15. Bxb7 Bxb7 16. Rxb7 Nd5 17. Qb1 Nc3 18. Qb3 a5 19. Nd4 a4 20. Qc2 Rfc8 21. h3 Qd5 22. Rb2 g6 23. Ra1 e5 24. Nf3 Nxa2 25. Qe2 Nc3 26. Qe1 Rc5 27. Rc2 Qb3 28. Rac1 Rac8 29. Kh2 f6 30. Nd2 Qd5 31. Nb1 Ne4 32. Rxc5 Rxc5 33. Rxc5 Qxc5 34. Qd1 Nxf2 35. Qxa4 f5 36. Qb3+ Kg7 37. Nd2 e4 38. Qe6 Nd3 39. Nc4 Qc7+ 40. Nd6 Qa7 41. h4 Qxe3 42. Qe7+ Kh6 0-1


[Site "Internet"]

[Event "Chessable Masters - Torneo preliminare"]
[White "Mekhitarian, Krikor Sevag"]
[Black "Kaufman, Lawrence"]
[WhiteFideId "2107660"]
[BlackFideId "2000555"]
[WhiteElo "2594"]
[BlackElo "2204"]
[Result "1-0"]
[Round "7"]
[TimeControl "600+2"]
[Date "2023.03.13"]
[WhiteClock "0:01:05"]
[BlackClock "0:00:03"]

1. Nf3 d5 2. c4 e6 3. e3 Nf6 4. Nc3 c6 5. b3 Bd6 6. Bb2 O-O 7. Qc2 a6 8. d4 Nbd7 9. Bd3 b5 10. O-O bxc4 11. bxc4 Rb8 12. Rab1 Qe7 13. Ne2 a5 14. Ne5 Bxe5 15. dxe5 Ng4 16. Nd4 Qh4 17. Nf3 Qh5 18. Be2 Ba6 19. h3 Nh6 20. Nd4 Qh4 21. Nxc6 Rbc8 22. cxd5 Bxe2 23. Qxe2 exd5 24. Rbc1 Nf5 25. Qg4 Rxc6 26. Rxc6 g6 27. Qxh4 Nxh4 28. Rd1 Nf5 29. Ba3 Re8 30. Rxd5 Nf8 31. Bxf8 Kxf8 32. Rxa5 Kg7 33. Rc7 Rf8 34. e6 1-0


[Site "Internet"]

[Event "Chessable Masters - Torneo preliminare"]
[White "Le, Quang Liem"]
[Black "Aronian, Levon"]
[WhiteFideId "12401137"]
[BlackFideId "13300474"]
[WhiteElo "2661"]
[BlackElo "2720"]
[Result "1/2-1/2"]
[Round "8"]
[TimeControl "600+2"]
[Date "2023.03.13"]
[WhiteClock "0:00:23"]
[BlackClock "0:00:05"]

1. d4 Nf6 2. Nf3 d5 3. c4 e6 4. Nc3 Bb4 5. Bg5 dxc4 6. e4 c5 7. Bxc4 cxd4 8. Nxd4 Qa5 9. Bd2 Qc5 10. Bb5+ Bd7 11. Nb3 Qc7 12. O-O O-O 13. Bd3 Nc6 14. a3 Be7 15. Kh1 Rfd8 16. f4 Be8 17. Qe2 Rac8 18. Rad1 Qb6 19. Bc2 Qa6 20. Qf3 Nd4 21. Nxd4 Rxd4 22. Be3 Rxd1 23. Rxd1 Bc6 24. h3 Qa5 25. Qf2 a6 26. Bb6 Qh5 27. Kg1 Nd7 28. Be3 Qa5 29. e5 Qc7 30. Be4 b5 31. Kh2 g6 32. Qf3 Nb6 33. Bxc6 Qxc6 34. Qxc6 Rxc6 35. Bxb6 Rxb6 36. Rd7 Kf8 37. Ne4 b4 38. a4 b3 39. Kg3 Rb4 40. Nc3 g5 41. f5 Ke8 42. Ra7 Bc5 43. Ra8+ Kd7 44. Rxa6 exf5 45. Nd5 Rd4 46. Nf6+ Kc7 47. Ra5 Rd3+ 48. Kh2 Bf2 49. g4 Rd2 50. Rd5 Rxb2 51. gxf5 Bh4+ 52. Kh1 Re2 53. Rb5 b2 54. Nd5+ Kd7 55. Nc3 Re3 56. Rxb2 Rxh3+ 57. Kg2 Rxc3 58. Rb7+ Ke8 59. Rb8+ Ke7 60. Rb7+ Ke8 61. Rb8+ Ke7 62. Rb7+ Ke8 1/2-1/2


[Site "Internet"]

[Event "Chessable Masters - Torneo preliminare"]
[White "Artemiev, Vladislav"]
[Black "Abdusattorov, Nodirbek"]
[WhiteFideId "24101605"]
[BlackFideId "14204118"]
[WhiteElo "2735"]
[BlackElo "2714"]
[Result "1/2-1/2"]
[Round "8"]
[TimeControl "600+2"]
[Date "2023.03.13"]
[WhiteClock "0:00:09"]
[BlackClock "0:03:42"]

1. Nf3 d5 2. d4 Nf6 3. c4 dxc4 4. e3 e6 5. Bxc4 c5 6. O-O a6 7. Nc3 cxd4 8. exd4 Be7 9. Ne5 O-O 10. Be2 Bd7 11. Bf3 Bc6 12. Nxc6 Nxc6 13. Be3 Rc8 14. d5 exd5 15. Nxd5 Nxd5 16. Qxd5 Qxd5 17. Bxd5 Bf6 18. Rad1 Rfd8 19. b3 g6 20. g4 Rd7 21. Bxc6 Rxd1 22. Rxd1 Rxc6 23. Rd7 b5 24. Bh6 g5 25. Rd5 Be7 26. Bxg5 Bxg5 27. Rxg5+ Kf8 28. h3 Rc2 29. a4 Rb2 30. axb5 a5 31. b6 Rxb3 32. Rxa5 Rxb6 33. Kg2 h6 34. Kg3 Rb3+ 35. f3 Kg7 36. Ra6 Rc3 37. Rd6 Ra3 38. Rd2 Ra1 39. Re2 Rg1+ 40. Kf2 Rh1 41. Kg2 Ra1 42. Re3 Rb1 43. f4 Rb4 44. Kg3 Rb5 45. Rd3 Rb4 46. Rd6 Rb3+ 47. Kh4 Rf3 48. f5 Re3 49. Rd2 Rf3 50. Rg2 h5 51. Kxh5 Rxh3+ 52. Kg5 Rf3 53. Kh4 Rf1 54. Kg3 Kf6 55. Rh2 Rg1+ 56. Kh4 Kg7 57. Rb2 Rh1+ 58. Kg3 Rg1+ 59. Kf3 Rf1+ 60. Rf2 Rg1 61. Kf4 Kf6 62. Rf3 Rg2 63. Rf1 Ra2 64. g5+ Kg7 65. Kg4 Rg2+ 66. Kh4 Rh2+ 67. Kg3 Ra2 68. Re1 Ra3+ 69. Kf4 Ra4+ 70. Re4 Ra1 71. Re7 Rf1+ 72. Ke5 Re1+ 73. Kd6 Rd1+ 74. Kc7 Rd5 75. g6 Rxf5 76. Rxf7+ Rxf7+ 77. gxf7 Kf8 78. Kd8 Kxf7 1/2-1/2


[Site "Internet"]

[Event "Chessable Masters - Torneo preliminare"]
[White "Fedoseev, Vladimir"]
[Black "Sevian, Samuel"]
[WhiteFideId "24130737"]
[BlackFideId "2040506"]
[WhiteElo "2752"]
[BlackElo "2582"]
[Result "1-0"]
[Round "8"]
[TimeControl "600+2"]
[Date "2023.03.13"]
[WhiteClock "0:08:40"]
[BlackClock "0:10:03"]

1. e4 e5 2. Nf3 Nc6 3. Bb5 a6 4. Ba4 Nf6 5. O-O Nxe4 6. d4 b5 7. Bb3 d5 8. dxe5 Be6 9. c3 Be7 10. Be3 O-O 11. Nbd2 Bg4 12. Nxe4 dxe4 13. Qd5 Qxd5 14. Bxd5 exf3 15. Bxc6 fxg2 16. Rfc1 Rad8 17. a4 b4 18. cxb4 Bxb4 19. Rc4 1-0


[Site "Internet"]